Map: Ruins of Endion

Players

Miszu

  • Race: Protoss Protoss
  • League: Master

NYK - Winner!

  • Race: Zerg Zerg
  • League: Grandmaster

VOD

Have the link to the VOD?

Description

Time

  • Played on: June 1, 2016, 5:11 p.m.
  • Length: 7:35
Show
View Real Time Build Order
Export as new Build Order

Miszu Protoss 

Build Orders: 1 Gate Expand, Oracle Opening, Phoenix Opening 

Get SALT Encoding   

  12  0:00  Probe (Chrono Boost)  
  13  0:11  Probe (Chrono Boost)  
  14  0:17  Pylon  
  14  0:22  Probe (Chrono Boost)  
  15  0:35  Probe (Chrono Boost)  
  16  0:36  Gateway  
  16  0:46  Probe (Chrono Boost)  
  16  0:48  Assimilator  
  17  0:56  Probe (Chrono Boost)  
  18  1:07  Probe (Chrono Boost)  
  19  1:22  Nexus  
  20  1:25  Probe (Chrono Boost)  
  20  1:36  Cybernetics Core  
  20  1:39  Probe (Chrono Boost)  
  21  1:45  Assimilator  
  21  1:50  Probe (Chrono Boost)  
  22  1:55  Pylon  
  22  2:00  Probe (Chrono Boost)  
  23  2:13  Probe (Chrono Boost)  
  24  2:15  Adept (Chrono Boost)  
  24  2:22  Stargate  
  26  2:25  Probe  
  26  2:29  Warp Gate  
  27  2:33  Probe  
  28  2:37  Probe  
  28  2:43  Probe  
  29  2:49  Probe  
  31  2:56  Probe  
  31  2:57  Assimilator  
  32  2:59  Assimilator  
  32  3:01  Probe  
  32  3:05  Oracle (Chrono Boost)  
  33  3:07  Probe  
  33  3:10  Adept  
  39  3:27  Probe  
  39  3:29  Probe  
  41  3:41  Probe  
  45  3:46  Stargate  
  45  3:47  Probe, Phoenix (Chrono Boost)  
  44  3:53  Probe  
  44  3:55  Stargate  
  45  3:58  Probe  
  46  4:08  Probe  
  44  4:16  Pylon  
  45  4:20  Phoenix (Chrono Boost)  
  46  4:32  Pylon  
  46  4:33  Probe  
  46  4:35  Probe  
  50  4:38  Phoenix (Chrono Boost)  
  50  4:44  Phoenix (Chrono Boost)  
  54  4:47  Phoenix (Chrono Boost)  
  54  4:50  Probe  
  55  4:56  Probe  
  58  5:03  Phoenix (Chrono Boost), Probe  
  58  5:06  Nexus  
  59  5:08  Probe  
  60  5:15  Pylon  
  62  5:22  Phoenix (Chrono Boost)  
  62  5:31  Probe  
  62  5:33  Phoenix (Chrono Boost), Probe  
  68  5:37  Phoenix (Chrono Boost)  
  68  5:47  Phoenix (Chrono Boost)  
  70  5:51  Pylon  
  70  5:53  Pylon  
  70  6:06  Mothership Core  
  70  6:07  Pylon  
  70  6:09  Phoenix (Chrono Boost)  
  76  6:12  Phoenix (Chrono Boost)  
  46  7:14  Pylon  
Show
View Real Time Build Order
Export as new Build Order

NYK Zerg - Winner!

Build Orders: Hatch First 

Get SALT Encoding   

  12  0:02  Drone  
  13  0:12  Overlord  
  13  0:17  Drone  
  14  0:31  Drone x2  
  16  0:42  Drone  
  17  0:52  Hatchery  
  17  0:55  Drone  
  17  0:58  Drone  
  18  1:10  Extractor  
  17  1:13  Spawning Pool  
  17  1:16  Drone  
  17  1:19  Drone  
  18  1:28  Drone  
  19  1:40  Overlord  
  19  1:52  Drone  
  20  2:00  Queen  
  22  2:01  Zergling x2  
  22  2:04  Queen  
  22  2:05  Zergling x2  
  26  2:11  Drone  
  26  2:12  Metabolic Boost  
  27  2:17  Drone  
  28  2:24  Drone  
  28  2:28  Drone  
  30  2:34  Drone  
  30  2:36  Queen  
  33  2:40  Drone  
  33  2:43  Overlord  
  34  2:48  Drone  
  34  2:49  Pneumatized Carapace  
  35  2:54  Drone  
  36  3:02  Drone  
  37  3:07  Overlord  
  37  3:09  Drone x3  
  37  3:10  Drone  
  41  3:22  Hatchery  
  41  3:24  Drone x2  
  41  3:26  Drone  
  43  3:27  Drone  
  44  3:39  Lair  
  44  3:41  Extractor, Queen  
  45  3:54  Drone  
  45  3:55  Drone x6  
  46  4:12  Overlord  
  46  4:13  Overlord x3  
  46  4:24  Drone x3  
  47  4:25  Drone  
  47  4:30  Roach Warren  
  49  4:31  Extractor  
  49  4:33  Drone  
  49  4:38  Drone x3  
  51  4:42  Queen  
  51  4:45  Queen  
  56  5:12  Nydus Network, Roach  
  56  5:13  Roach x8  
  73  5:15  Roach  
  75  5:24  Overlord  
  75  5:26  Zergling x8  
  79  5:36  Overlord  
  79  5:37  Spore Crawler  
  79  5:39  Zergling x2  
  79  5:40  Zergling x6  
  82  5:46  Zergling x2  
  82  5:47  Zergling x2, Queen x2  
  88  5:56  Nydus Canal  
  88  6:00  Zergling x2  
  88  6:01  Zergling x2  
  90  6:07  Overlord x2  
  87  6:22  Overlord  
  76  6:28  Roach  
  76  6:29  Roach x7  
  89  6:39  Roach  
  90  6:40  Queen x2  
  88  6:48  Roach x3  
  88  6:52  Drone x2  
  95  6:56  Hydralisk Den  
  90  7:03  Zergling x10  
  90  7:05  Zergling x2  
  84  7:17  Drone x6  
  87  7:26  Spore Crawler  
Tags
 
Add a new tag
Caveats
  • Supply blocks, unpowered buildings, or Contaminate may cause inaccurate times.
  • Supply counts are checked every 10 seconds.